AoeStats
← DonVitoCorleone

Four Lakes

507113351Analyzed
1v1 RM · 16d ago on Sep 16, 2026· 46m 36s· 2 players
Game mode
Random Map
Map size
Tiny (2 player)
Population
200
Speed
Normal
Resources
Standard
Victory
Conquest
Starting age
Dark Age
Ending age
Imperial Age
RankedLock teamsTeams togetherTeam positionsShared explorationLock speedFull tech treeHidden civsTurbo modeCheats
Victory
Defeat
🇸🇪 Poles · Sweden
986
+15
🇦🇹 Italians · Austria
972
-15
DonVitoCorleone
8:40 Loom
11:33 Feudal Age
15:59 Fletching
16:10 Padded Archer Armor
18:14 Castle Age
22:04 Double-Bit Axe
23:27 Wheelbarrow
24:57 Bow Saw
25:29 Medium Warships
26:41 Fishing Lines
28:16 Bodkin Arrow
28:36 Leather Archer Armor
28:56 Pikeman
30:17 Scale Mail Armor
30:27 Forging
33:08 Imperial Age
31:18 Squires
35:54 Thumb Ring
36:11 Chain Mail Armor
41:34 Plate Mail Armor
41:05 Bracer
Ond keso
11:32 Feudal Age
9:52 Loom
12:56 Double-Bit Axe
15:08 Bloodlines
16:03 Wheelbarrow
16:12 Forging
20:45 Castle Age
21:01 Town Watch
21:03 Horse Collar
21:17 Gold Mining
22:47 Stone Mining
23:34 Iron Casting
23:05 Scale Barding Armor
22:51 Fletching
23:04 Husbandry
22:26 Light Cavalry
27:30 Chain Barding Armor
29:41 Bodkin Arrow
35:52 Imperial Age
35:41 Bow Saw
36:31 Winged Hussar
40:32 Conscription
42:42 Chemistry
45:27 Siege Engineers
47:13 Blast Furnace
Connection lost

Rejoining the realm…

Still unreachable

The connection could not be restored.

Session expired

The server has moved on; the page needs a fresh start.